Map: New Repugnancy LE

Players

Samwise - Winner!

  • Race: Protoss Protoss
  • League: Platinum
  • Spawn Location: 7:00

A.I. 1 (Elite)

  • Race: Zerg Zerg
  • Spawn Location: 1:00

VOD

Have the link to the VOD?

Description

Time

  • Played on: Sept. 1, 2019, 12:54 p.m.
  • Length: 7:11
Show
View Real Time Build Order
Export as new Build Order

Samwise Protoss - Winner!

Build Orders: Phoenix Opening 

Get SALT Encoding   

  12  0:01  Probe  
  13  0:13  Probe  
  14  0:22  Pylon  
  14  0:25  Probe  
  15  0:39  Probe  
  16  0:45  Gateway  
  16  0:47  Probe  
  16  0:52  Assimilator  
  16  0:55  Probe  
  18  1:07  Probe  
  19  1:19  Probe  
  20  1:26  Pylon  
  20  1:33  Cybernetics Core  
  22  1:42  Probe  
  23  1:54  Nexus  
  21  2:04  Probe  
  21  2:08  Assimilator  
  22  2:12  Sentry  
  24  2:16  Probe  
  25  2:28  Probe  
  26  2:34  Warp Gate  
  26  2:38  Stalker  
  28  2:47  Gateway  
  28  3:01  Robotics Facility  
  28  3:04  Probe  
  28  3:07  Probe  
  28  3:12  Probe  
  30  3:19  Probe  
  32  3:22  Probe  
  32  3:23  Forge  
  32  3:26  Gateway  
  33  3:28  Phoenix  
  33  3:31  Pylon, Probe  
  33  3:34  Probe  
  35  3:36  Protoss Ground Weapons Level 1  
  35  3:44  Probe  
  35  3:46  Probe  
  35  3:48  Warp Prism  
  39  4:06  Probe x2  
  41  4:15  Gateway  
  41  4:16  Gateway  
  41  4:18  Probe x2  
  43  4:29  Sentry x2  
  43  4:30  Probe, Stalker  
  50  4:38  Pylon  
  50  4:40  Pylon  
  50  4:44  Gateway x2  
  50  4:56  Stalker x2  
  50  4:57  Stalker  
  56  5:09  Pylon  
  56  5:12  Pylon  
  56  5:13  Pylon  
  56  5:17  Zealot x2  
  56  5:19  Zealot x2  
  56  5:20  Zealot  
  66  5:39  Stalker  
  66  5:40  Stalker x2  
  66  5:41  Zealot x3  
  78  5:43  Sentry  
  78  6:05  Zealot x3  
  78  6:06  Zealot x4  
  90  6:33  Stalker x2  
  94  6:51  Zealot  
Show
View Real Time Build Order
Export as new Build Order

A.I. 1 (Elite) Zerg 

Build Orders: Pool First 

Get SALT Encoding   

  12  0:00  Drone  
  13  0:12  Overlord  
  13  0:16  Drone  
  14  0:30  Drone x2  
  14  0:34  Drone  
  17  0:48  Spawning Pool  
  17  0:49  Drone  
  17  1:11  Hatchery  
  16  1:14  Drone  
  16  1:18  Extractor  
  16  1:20  Extractor  
  16  1:22  Drone  
  16  1:26  Drone  
  16  1:30  Drone  
  18  1:38  Drone  
  19  1:49  Overlord  
  19  1:59  Queen  
  21  2:05  Zergling x2  
  22  2:11  Drone  
  23  2:26  Queen  
  25  2:32  Drone  
  26  2:37  Drone  
  26  2:41  Drone  
  28  2:46  Drone  
  29  2:59  Roach Warren  
  29  3:02  Drone  
  29  3:05  Drone  
  30  3:08  Zergling x2  
  30  3:12  Zergling x2  
  32  3:18  Overlord  
  32  3:21  Drone  
  32  3:24  Drone  
  34  3:39  Roach  
  34  3:40  Roach x3  
  42  3:48  Lair  
  42  3:53  Overlord  
  42  3:58  Overlord  
  42  4:02  Zergling x2  
  43  4:05  Zergling x2  
  44  4:11  Drone, Zergling x2  
  44  4:12  Drone  
  44  4:14  Drone  
  48  4:17  Drone  
  48  4:19  Drone  
  48  4:23  Roach  
  52  4:28  Roach  
  54  4:32  Overlord  
  54  4:40  Drone  
  54  4:42  Drone  
  54  4:44  Drone  
  57  4:46  Drone  
  57  4:48  Infestation Pit  
  57  4:49  Drone  
  58  4:52  Overlord  
  58  4:56  Overlord  
  58  5:00  Roach  
  58  5:06  Hydralisk Den  
  59  5:10  Drone  
  59  5:12  Drone  
  59  5:13  Drone  
  62  5:16  Drone  
  62  5:17  Drone  
  62  5:19  Drone  
  66  5:21  Drone  
  66  5:23  Drone  
  66  5:24  Drone  
  66  5:27  Drone  
  69  5:28  Drone  
  69  5:30  Drone  
  69  5:32  Drone  
  69  5:34  Roach  
  74  5:38  Hydralisk  
  74  5:40  Overlord, Hydralisk  
  78  5:43  Hydralisk  
  78  5:47  Hydralisk  
  82  5:50  Hydralisk  
  82  5:55  Hydralisk  
  83  5:57  Zergling x4  
  83  5:58  Zergling x2  
  83  6:01  Overlord  
  77  6:05  Roach  
  69  6:11  Zergling x2  
  69  6:12  Zergling x2, Roach  
  69  6:13  Roach  
  69  6:16  Roach  
  67  6:23  Hydralisk  
  67  6:25  Zergling x4, Roach  
  66  6:27  Hydralisk  
  57  6:44  Roach  
  57  6:47  Zergling x2  
Tags
 
Add a new tag
Caveats
  • Supply blocks, unpowered buildings, or Contaminate may cause inaccurate times.
  • Supply counts are checked every 10 seconds.